 Dungeon Crawl Stone Soup version 0.31.0-1-g2c135a0 (webtiles) character file.

Game seed: 15842745303728267330

20028 edsrzf the Brawler (level 12, -11/94 HPs)
             Began as a Demigod Shapeshifter on Jan 28, 2024.
             Mangled by a cane toad (17 damage)
             ... on level 2 of the Lair of Beasts.
             The game lasted 00:24:36 (13005 turns).

edsrzf the Brawler (Demigod Shapeshifter)          Turns: 13005, Time: 00:24:37

Health: -11/94     AC: 10    Str: 23    XL:     12   Next: 13%
Magic:  15/15      EV: 19    Int: 24    God:
Gold:   1087       SH:  0    Dex: 21    Spells: 11/11 levels left

rFire   . .          .
                       - Unarmed
rCold   . . .        (no shield)
rNeg    . . .        H - +4 robe of Augmentation {Str+4 Int+4 Dex+4}
rPois   .            (helmet currently unavailable)
rElec   .            (cloak currently unavailable)
rCorr   .            (gloves currently unavailable)
SInv    .            (boots currently unavailable)
Will    +....        (no amulet)
Stlth   ++           j - +4 ring of protection
HPRegen 0.35/turn    y - +5 ring of evasion
MPRegen 0.14/turn

%: no passive effects
@: about to teleport, beast-form
A: beast (slay +4), high MP 1, forlorn, divine attributes
a: Begin Untransformation


You were on level 2 of the Lair of Beasts.
You were a hulking beast.
You visited 2 branches of the dungeon, and saw 13 of its levels.

You collected 1195 gold pieces.
You spent 108 gold pieces at shops.

Inventory:

Missiles
 g - 129 stones (quivered)
 h - 77 poisoned darts
 k - 4 datura-tipped darts
 I - 3 darts of dispersal
 N - 4 curare-tipped darts
Armour
 i - a +0 helmet
 p - a +0 pair of gloves
 H - the +4 robe of Augmentation (worn) {Str+4 Int+4 Dex+4}
   (You took it off a centaur on level 6 of the Dungeon)

   Str+4:     It affects your strength (+4).
   Int+4:     It affects your intelligence (+4).
   Dex+4:     It affects your dexterity (+4).
Jewellery
 j - a +4 ring of protection (left hand)
 t - a ring of fire
 y - a +5 ring of evasion (right hand)
 G - a ring of wizardry
 J - a ring of protection from fire
 O - a ring of protection from cold
Talismans
 c - a beast talisman
 d - a flux talisman
Wands
 w - a wand of mindburst (5)
 C - a wand of polymorph (16)
 E - a wand of charming (16)
 K - a wand of iceblast (5)
Scrolls
 a - 2 scrolls of revelation {unknown}
 b - a scroll of torment {!r}
 e - 3 scrolls of immolation {unknown}
 f - 4 scrolls of identify {@r1}
 n - a scroll of amnesia
 q - 3 scrolls of enchant weapon {unknown}
 r - 2 scrolls of enchant armour {unknown}
 s - 5 scrolls of teleportation {@r3}
 x - 3 scrolls of fear {unknown}
 A - 2 scrolls of poison {unknown}
 B - a scroll of brand weapon
 D - 3 scrolls of blinking {unknown}
 F - a scroll of fog
Potions
 l - a potion of resistance
 m - a potion of ambrosia
 o - 5 potions of haste
 u - 4 potions of attraction
 v - a potion of curing
 z - a potion of mutation {!q}
 L - a potion of lignification
 M - a potion of cancellation


   Skills:
 - Level 5.0 Fighting
 + Level 4.0 Dodging
 - Level 16.3 Unarmed Combat
 - Level 3.0 Evocations
 - Level 7.0 Shapeshifting


You had 11 spell levels left.
You didn't know any spells.
Your spell library contained the following spells:

 Spells                   Type           Power      Damage    Failure   Level
 Magic Dart               Conj           0%         1d3       14%         1
 Sting                    Conj/Alch      0%         1d3       14%         1
 Summon Small Mammal      Summ           0%         N/A       14%         1
 Blink                    Tloc           0%         N/A       22%         2
 Call Imp                 Summ           0%         N/A       22%         2
 Mercury Vapours          Alch/Air       0%         N/A       22%         2
 Call Canine Familiar     Summ           0%         N/A       41%         3
 Stone Arrow              Conj/Erth      0%         3d7       41%         3
 Animate Armour           Summ/Erth      0%         N/A       82%         4
 Olgreb's Toxic Radiance  Alch           0%         N/A       82%         4
 Summon Blazeheart Golem  Fire/Summ      0%         N/A       82%         4
 Lehudib's Crystal Spear  Conj/Erth      0%         10d2      100%        8


Dungeon Overview and Level Annotations

Branches:
Dungeon (11/15)            Temple (0/1) D:5            Lair (2/5) D:11
    Orc (0/2) D:11
  Swamp: Lair:2-3    Shoals: Lair:2-3     Snake: Lair:2-3    Spider: Lair:2-3

Shops:
D:6 (   D:7 :   D:8 ?!(   D:10 ?   D:11 [

Annotations:
D:3 Terence
D:4 1 runed translucent door, Agrajag's ghost, amateur FeSu
Lair:1 Fannar


Innate Abilities, Weirdness & Mutations

You are a hulking beast.
Your limbs bulge with bestial killing power. (Slay +4)
You have an increased reservoir of magic. (+10% MP)
You shall have no god before yourself.
Your divine heritage dramatically boosts your attributes as you level up.


Message History

You are poisoned.
The killer bee poisons you!
You punch the killer bee! You punch the killer bee.
You kill the killer bee!
You feel sick.
A wyvern comes into view.
You hit the wyvern.
The wyvern is lightly wounded.
You feel sick.
A killer bee comes into view.
The wyvern closely misses you.
You barely miss the wyvern.
The wyvern is lightly wounded.
You feel sick.
The killer bee buzzes angrily.
You hear an angry hiss.
You hear an angry buzzing noise.
You hear an angry hiss.
The wyvern barely misses you.
A killer bee comes into view.
You hear an angry buzzing noise.
The killer bee buzzes angrily.
You closely miss the wyvern. You punch the wyvern.
The wyvern is moderately wounded.
You feel sick.
You hear an angry buzzing noise. x2
The wyvern barely misses you.
You closely miss the wyvern.
The wyvern is moderately wounded.
You feel sick. The wyvern misses you.
You closely miss the wyvern. You punch the wyvern!
The wyvern is severely wounded.
You feel sick. The wyvern barely misses you.
A cane toad comes into view.
You punch the wyvern!
The wyvern is almost dead.
The wyvern barely misses you. The wyvern bites you!
You hit the wyvern but do no damage.
The wyvern is almost dead.
You feel sick. The wyvern barely misses you.
You punch the wyvern!
You kill the wyvern!
You feel sick.
A killer bee comes into view.
The killer bee buzzes angrily.
You punch the killer bee!
The killer bee is severely wounded.
You feel sick.
You hear an angry buzzing noise. x2; You hear an angry hiss.
The killer bee barely misses you. The killer bee completely misses you.
You hear an angry hiss.
You barely miss the killer bee.
The killer bee is severely wounded.
The killer bee stings you!
You barely miss the killer bee.
The killer bee is severely wounded.
You feel sick.
You are no longer poisoned.
The killer bee barely misses you. The killer bee completely misses you.
You punch the killer bee!
You kill the killer bee!
You pummel the killer bee!!
You kill the killer bee!
The killer bee stings you.
The killer bee stings you but does no damage.
Things that are here:
a killer bee corpse; a manticore corpse You pummel the killer bee!!
You kill the killer bee!
You hear an angry buzzing noise.
You hear an angry hiss.
You hear an angry buzzing noise.
A water moccasin, a killer bee and a queen bee come into view.
The queen bee buzzes angrily.
You hear an angry hiss.
The cane toad stings you but does no damage.
The queen bee calls on the killer bee to defend it!
The killer bee goes berserk!
The cane toad completely misses you.
You hear an angry hiss.
Things that are here:
a wolf corpse; a killer bee corpse You punch the cane toad!
You punch the cane toad.
The cane toad is moderately wounded.
You hit the cane toad.
The cane toad is moderately wounded.
The cane toad stings you!!
* * * LOW HITPOINT WARNING * * *
Okay, then.
Okay, then.
Press: ? - help, v - describe, . - travel
Here: a killer bee (berserk)
The floor.
Unknown command.
Okay, then.
Okay, then.
You feel better.
A water moccasin comes into view.
The cane toad closely misses you.
As you read the scroll of teleportation {@r3}, it crumbles to dust.
You feel strangely unstable.
The killer bee rages.
The cane toad stings you!
* * * LOW HITPOINT WARNING * * *
The cane toad stings you!
You die...

. #..... #
#.....####### #.
#.....#..#.## #.
##.......#...##yS
#.......#..#..#S#
#.^....#.....#y#
##......#..P.†#F#.#
#P.......#...#h.k.#
##.....P..#.####.#[#
#....########.##.#
##....######....##.#
#.........##.....##..
##......#.##..≈...#
####.
#P..........#....##
....
##.......#...#####
.≈.# #...........###
... .


You could see a cane toad, a queen bee, 2 water moccasins, a wyvern and a killer
bee (berserk).

Vanquished Creatures
  2 two-headed ogres
  A centaur warrior (D:9)
  Urug (D:10)
  Pikel (D:7)
  A cyclops (D:11)
  A manticore (Lair:2)
  An elephant (Lair:2)
  4 cane toads (Lair:1)
  2 rime drakes
  8 komodo dragons
  A kobold demonologist (D:11)
  A polar bear (Lair:1)
  2 hornets
  3 trolls
  A water elemental (D:11)
  Sigmund (D:2)
  A wraith (D:10)
  A vampire (D:11)
  5 wyverns
  10 yaks
  3 basilisks
  2 steam dragons (D:8)
  2 vampire mosquitoes (D:10)
  10 water moccasins
  5 orc warriors
  An ice beast (D:8)
  2 black bears
  4 sky beasts
  2 ogres
  3 phantoms
  3 crocodiles (D:8)
  A wolf (Lair:2)
  4 centaurs
  2 lemures (D:7)
  12 kobold brigands
  4 scorpions
  4 bullfrogs
  3 wights (D:7)
  26 killer bees
  3 electric eels (D:6)
  2 howler monkeys (D:5)
  5 jellies
  A gnoll bouda (D:5)
  4 orc priests
  7 hounds
  A sleepcap (D:8)
  Jessica (D:2)
  15 iguanas
  6 orc wizards
  A killer bee zombie (D:8)
  8 adders
  3 gnolls (D:5)
  A white imp (D:6)
  2 ufetubi (D:6)
  3 ribbon worms
  2 dart slugs (D:1)
  27 orcs
  7 ball pythons
  3 bats
  6 endoplasms
  2 giant cockroaches
  4 goblins
  10 hobgoblins
  9 jackals
  2 quokkas
  19 frilled lizards
  27 kobolds
  24 rats
346 creatures vanquished.

Notes
Turn   | Place    | Note
-------+----------+-------------------------------------------
     0 | D:1      | edsrzf the Demigod Shapeshifter began the quest for the
                  | Orb.
     0 | D:1      | Reached XP level 1. HP: 15/15 MP: 3/3
   433 | D:1      | Noticed a glass eye
   438 | D:1      | Reached skill level 3 in Unarmed Combat
   439 | D:1      | Noticed an eye of devastation
   448 | D:1      | Reached skill level 3 in Shapeshifting
   448 | D:1      | Reached XP level 2. HP: 21/22 MP: 4/4
   472 | D:1      | Noticed a glass eye
   473 | D:1      | Noticed a great orb of eyes
  1148 | D:2      | Noticed Sigmund
  1153 | D:1      | Reached XP level 3. HP: 27/27 MP: 5/5
  1713 | D:2      | Killed Sigmund
  1714 | D:2      | Reached skill level 4 in Unarmed Combat
  1714 | D:2      | Reached skill level 4 in Shapeshifting
  1714 | D:2      | Reached XP level 4. HP: 23/34 MP: 6/6
  1714 | D:2      | Reached XP level 5. HP: 27/39 MP: 7/7
  1862 | D:2      | Noticed Jessica
  1866 | D:2      | Killed Jessica
  2170 | D:3      | Noticed Terence
  2424 | D:3      | Identified 7 scrolls of identify
  2424 | D:3      | Identified a potion of curing
  2425 | D:3      | Identified a potion of ambrosia
  2426 | D:3      | Identified a potion of haste
  2427 | D:3      | Identified a scroll of amnesia
  2428 | D:3      | Identified a scroll of noise
  3030 | D:4      | Reached XP level 6. HP: 40/46 MP: 8/8
  3039 | D:4      | Reached skill level 5 in Unarmed Combat
  3226 | D:4      | Identified a potion of heal wounds
  3227 | D:4      | Identified 2 potions of attraction
  3323 | D:4      | Found a runed translucent door.
  3323 | D:4      | Noticed Agrajag's ghost (amateur FeSu)
  3397 | D:4      | Reached skill level 5 in Shapeshifting
  3850 | D:5      | Entered Level 5 of the Dungeon
  3916 | D:5      | Reached XP level 7. HP: 41/51 MP: 9/9
  3949 | D:5      | Reached skill level 2 in Dodging
  3957 | D:5      | Reached skill level 1 in Evocations
  4039 | D:5      | Found a staircase to the Ecumenical Temple.
  4044 | D:5      | Reached skill level 2 in Evocations
  4113 | D:5      | Reached skill level 3 in Dodging
  4587 | D:6      | Reached skill level 3 in Evocations
  4644 | D:6      | Found Unyosoen's Weapon Shoppe.
  4747 | D:6      | Reached skill level 4 in Dodging
  4777 | D:6      | Reached XP level 8. HP: 57/58 MP: 10/10
  4777 | D:6      | Identified a potion of mutation
  4886 | D:6      | Reached skill level 6 in Unarmed Combat
  5139 | D:6      | Reached skill level 6 in Shapeshifting
  5808 | D:7      | Noticed Pikel
  5870 | D:7      | Killed Pikel
  5871 | D:7      | Reached skill level 7 in Unarmed Combat
  5920 | D:7      | Found Gitaj's Book Emporium.
  5937 | D:7      | Reached skill level 7 in Shapeshifting
  6064 | D:7      | Reached skill level 1 in Fighting
  6114 | D:7      | Reached XP level 9. HP: 67/67 MP: 11/11
  6190 | D:7      | Reached skill level 2 in Fighting
  6509 | D:8      | Reached skill level 3 in Fighting
  6509 | D:8      | Reached skill level 8 in Unarmed Combat
  6635 | D:8      | Reached skill level 4 in Fighting
  7107 | D:8      | Noticed a two-headed ogre
  7137 | D:8      | Reached skill level 5 in Fighting
  7137 | D:8      | Reached skill level 9 in Unarmed Combat
  7162 | D:8      | Killed a two-headed ogre
  7268 | D:8      | Identified the +1 scale mail of Cuohovil {+Inv}
  7307 | D:8      | Reached XP level 10. HP: 76/81 MP: 13/13
  7476 | D:8      | Reached skill level 10 in Unarmed Combat
  7613 | D:8      | Found Owkun's Weapon Boutique.
  7721 | D:8      | Found Ipem's Distillery.
  7734 | D:8      | Bought a potion of lignification for 36 gold pieces
  7872 | D:8      | Found Gyiham's Magic Scroll Emporium.
  7876 | D:8      | Bought a scroll of teleportation for 42 gold pieces
  7924 | D:8      | Identified a scroll of fog
  8321 | D:8      | Reached skill level 11 in Unarmed Combat
  8451 | D:9      | Identified the +6 shortbow "Egousuiq" {antimagic, rC+
                  | Stlth+}
  8533 | D:9      | Noticed a centaur warrior
  8555 | D:9      | Killed a centaur warrior
  8591 | D:9      | Identified a potion of resistance
  9219 | D:10     | Entered Level 10 of the Dungeon
  9243 | D:10     | Reached skill level 12 in Unarmed Combat
  9395 | D:10     | Identified a potion of cancellation
  9682 | D:10     | Noticed a two-headed ogre
  9690 | D:10     | Killed a two-headed ogre
  9694 | D:10     | Reached XP level 11. HP: 81/86 MP: 14/14
  9737 | D:10     | Reached skill level 13 in Unarmed Combat
 10153 | D:10     | Found Lookeos's Magic Scroll Emporium.
 10161 | D:10     | Bought a scroll of identify for 30 gold pieces
 10161 | D:10     | Identified a scroll of brand weapon
 10162 | D:10     | Identified a scroll of torment
 10230 | D:11     | Noticed Urug
 10242 | D:10     | Killed Urug
 10304 | D:11     | Found Xyiweqeu's Armour Emporium.
 10306 | D:11     | Found a staircase to the Orcish Mines.
 10715 | D:11     | Reached skill level 14 in Unarmed Combat
 11612 | D:11     | Found a staircase to the Lair.
 11631 | D:11     | Reached skill level 15 in Unarmed Combat
 12002 | Lair:1   | Entered Level 1 of the Lair of Beasts
 12406 | Lair:1   | Noticed Fannar
 12675 | Lair:1   | Reached XP level 12. HP: 94/94 MP: 15/15
 12958 | Lair:2   | Reached skill level 16 in Unarmed Combat
 13005 | Lair:2   | Mangled by a cane toad

Illustrated notes

Levels and vault maps discovered:
D:1:      dpeg_arrival_castle, layout_loops_cross,
          hellmonk_ecumenical_altar_watching_god, st_stairs_11
D:2:      layout_loops_corners, uniq_jessica, uniq_sigmund
D:3:      layout_loops_ring, mainiacjoe_overflow_paths,
          mainiacjoe_overflow_tiny_flanked, minmay_liquid_box, uniq_terence
D:4:      layout_cave_pools, grunt_temple_overflow_open,
          makhleb_blood_cavern_becter, lemuel_coloured_pillars_altar,
          grunt_gozag_breadcrumbs, gammafunk_ghost_grave, minmay_rat_hole
D:5:      layout_loops_cross, mainiacjoe_overflow_small_starburst,
          minmay_temple_entry_offerings
D:6:      layout_loops_corners, serial_shops, nicolae_shop_bloodbath_and_beyond,
          serial_bayou_lake_a
D:7:      layout_cave_pools, mainiacjoe_overflow_boulevard, serial_shops, shop,
          uniq_pikel
D:8:      regret_index_malice_mire, layout_basic, marbit_many_paths,
          serial_shops, nicolae_shop_gibbet_a_chance, shop, shop
D:9:      layout_cave_pools
D:10:     layout_long_grid, serial_shops, nicolae_shop_stone
D:11:     lemuel_reptile_caves, layout_basic, david_lair_generic, orc_david_3,
          special_room [special_room_kobold], lemuel_blue_sif_altar, uniq_urug
Lair:1:   layout_big_grid, grunt_megastairs_1, uniq_fannar
Lair:2:   regret_index_tunnel_blossom, layout_chaotic_city,
          minmay_shoals_entry_hut, nicolae_spider_entry_tight_spaces,
          nicolae_lair_lindhole, infiniplex_staircase_pool_2

Skill      XL: |  1  2  3  4  5  6  7  8  9 10 11 12 |
---------------+-------------------------------------+-----
Unarmed Combat | 3 4 5 7 9 12 15 16 | 16.3
Shapeshifting  | 3 4 5 7 |  7.0
Dodging        | 4 |  4.0
Evocations     | 3 |  3.0
Fighting       | 1 5 |  5.0

Action                     |  1- 3 |  4- 6 |  7- 9 | 10-12 || total
---------------------------+-------+-------+-------+-------++-------
  Melee: Unarmed           |   128 |   160 |   324 |   600 ||  1212
         Punch             |     2 |     7 |    19 |    51 ||    79
  Throw: Stone             |     2 |    25 |    15 |    16 ||    58
         Dart              |       |       |       |     9 ||     9
  Evoke: Wand              |       |     1 |     8 |       ||     9
    Use: Scroll            |       |     7 |     1 |     7 ||    15
         Potion            |       |     1 |     1 |     4 ||     6
   Stab: Sleeping          |     1 |     2 |     2 |       ||     5
         Distracted        |       |       |     1 |     1 ||     2
 Armour: Animal skin       |    69 |    78 |    43 |       ||   190
         Skin              |       |     1 |       |       ||     1
         Robe              |       |       |    71 |   216 ||   287
  Dodge: Dodged            |    57 |    92 |   262 |   380 ||   791
